 Dungeon Crawl Stone Soup version 0.28-a0-664-gc179e30c89 (webtiles) character file.

Game seed: 4622244187406485520

794 andesha the Skirmisher (level 7, -11/64 HPs)
             Began as a Minotaur Berserker on Oct 16, 2021.
             Was a Priest of Trog.
             Mangled by Duvessa (13 damage)
             ... on level 4 of the Dungeon.
             The game lasted 00:11:29 (4597 turns).

andesha the Skirmisher (Minotaur Berserker)         Turns: 4597, Time: 00:11:29

Health: -11/64     AC:  0    Str: 24    XL:     7   Next: 58%
Magic:  6/6        EV: 14    Int:  4    God:    Trog [***...]
Gold:   101        SH:  0    Dex:  9    Spells: 6/6 levels left

rFire   . . .      SeeInvis .   (weapon currently unavailable)
rCold   . . .      Faith    .   (shield currently unavailable)
rNeg    . . .      Spirit   .   (armour currently unavailable)
rPois   .          Reflect  .   (helmet currently unavailable)
rElec   .          Harm     .   (cloak currently unavailable)
rCorr   .          Rampage  .   (gloves currently unavailable)
Will    .....                   (boots currently unavailable)
Stlth   ..........              (no amulet)
HPRegen 0.20/turn               (ring currently unavailable)
MPRegen 0.10/turn               (ring currently unavailable)

@: pig-form (expiring), silenced, very quick
A: fast, no casting, small, (horns 2), (retaliatory headbutt)
a: Renounce Religion


You were on level 4 of the Dungeon.
You worshipped Trog.
Trog was most pleased with you.
You were a filthy swine.
You visited 1 branch of the dungeon, and saw 4 of its levels.
You also visited: Sewer.

You collected 101 gold pieces.

Inventory:

Hand Weapons
 a - a +0 mace (melded)
Armour
 g - a +2 pair of gloves (melded)
 o - a +0 scale mail (melded)
Jewellery
 l - a +4 ring of protection (melded)
Wands
 c - a wand of polymorph (5)
Scrolls
 i - 2 scrolls of silence
 m - a scroll of acquirement {unknown}
 p - a scroll of summoning {unknown}
 r - a scroll of fear {unknown}
Potions
 d - a potion of heal wounds {unknown}
 e - 2 potions of curing
 j - 2 potions of might {unknown}
 k - 2 potions of lignification {unknown}
 n - a potion of cancellation {unknown}
 q - a potion of invisibility


   Skills:
 * Level 6.9 Fighting
 + Level 6.6 Maces & Flails
 + Level 5.3 Armour
 + Level 3.8 Dodging
 + Level 1.1 Stealth


You had 6 spell levels left.
You didn't know any spells.
Your spell library was empty.

Dungeon Overview and Level Annotations

Branches:
Dungeon (4/15)              Sewer (visited)
 Temple: D:4-7

Altars:

Shops:
D:2 (

Annotations:
D:4 Dowan, Duvessa


Innate Abilities, Weirdness & Mutations

You are a filthy swine.
You move quickly.
Your equipment is almost entirely melded.
You are incapable of wielding weapons or throwing items.
You cannot cast spells.
((You have a pair of horns on your head.))
((You reflexively headbutt those who attack you in melee.))


Message History

Duvessa is moderately wounded.
Duvessa closely misses you.
You hit Duvessa.
Duvessa is moderately wounded.
Dowan gestures at Duvessa while chanting.
Duvessa seems to speed up.
You hit Duvessa.
Duvessa is heavily wounded.
Duvessa hits you with a +0 short sword! Duvessa barely misses you.
You hit Duvessa but do no damage.
Duvessa is heavily wounded.
Your transformation is almost over.
Duvessa hits you with a +0 short sword!
You closely miss Duvessa.
Duvessa is heavily wounded.
Duvessa closely misses you.
Blink to where?
Press: ? - help, Dir - move target, p - Dowan
As you read the scroll of blinking, it crumbles to dust.
Dowan gestures wildly while chanting.
Dowan blinks!
As you read the scroll of silence, it crumbles to dust.
A profound silence engulfs you. Dowan barely misses you.
There is an open door here.
You hit Duvessa but do no damage.
Duvessa is heavily wounded.
Duvessa hits you with a +0 short sword!
* * * LOW HITPOINT WARNING * * *
Duvessa barely misses you.
You feel better. Duvessa hits you with a +0 short sword.
You hit Duvessa but do no damage.
Duvessa is heavily wounded.
Duvessa hits you with a +0 short sword!
* * * LOW HITPOINT WARNING * * *
Duvessa hits you with a +0 short sword!
* * * LOW HITPOINT WARNING * * *
You hit Duvessa but do no damage.
Duvessa is heavily wounded.
Duvessa hits you with a +0 short sword!
You die...

..#>...................).....####
..#.######.#.#.#.#.####.###.##
..#.# #.....#.#.####.# #.##
.##.############........# #..#
...................#########.##
###.################ #.....#
....# #......e# #.....## #####
#.#####e# #...)..#
#.#####h########....#.#
#.......#.............#####.#
#...<...#...(....####'### ..
#..e...##..........(....# #.#
#...... #...............# .#
#...... #....÷..........# #......
#........##+#+#.... #......
#....#≈#.# ..... #....#≈#.# .....


You could see Duvessa (fast) and Dowan.

Vanquished Creatures
  Eustachio (D:4)
  5 kobold brigands (Sewer)
  A hound (D:3)
  Natasha (thrice) (D:3)
  A gnoll (D:1)
  5 river rats (Sewer)
  5 adders
  A worm (D:2)
  2 dart slugs
  9 orcs
  12 ball pythons
  11 endoplasms
  10 giant cockroaches
  4 goblins
  2 hobgoblins (D:1)
  3 jackals (D:2)
  8 kobolds
  6 bats
  2 frilled lizards (D:1)
  11 rats
102 creatures vanquished.

Notes
Turn   | Place    | Note
-------+----------+-------------------------------------------
     0 | D:1      | andesha the Minotaur Berserker began the quest for the Orb.
     0 | D:1      | Reached XP level 1. HP: 19/19 MP: 0/0
   286 | D:1      | Reached XP level 2. HP: 11/27 MP: 1/1
   786 | D:1      | Found a faded altar of an unknown god.
   879 | D:1      | Reached XP level 3. HP: 31/33 MP: 2/2
  1011 | D:1      | Reached ** piety under Trog
  1787 | D:2      | Found Wiun's Antique Weapon Shoppe.
  2343 | D:3      | Noticed Natasha
  2347 | D:3      | Killed Natasha
  2348 | D:3      | Reached XP level 4. HP: 41/41 MP: 3/3
  2414 | D:3      | Reached skill level 5 in Fighting
  2418 | D:3      | Noticed Natasha
  2424 | D:3      | Killed Natasha
  2425 | D:3      | Reached skill level 5 in Maces & Flails
  2425 | D:3      | Reached XP level 5. HP: 48/48 MP: 4/4
  2474 | D:3      | Noticed Natasha
  2478 | D:3      | Killed Natasha
  3041 | D:4      | Reached *** piety under Trog
  3460 | D:4      | Noticed Eustachio
  3488 | D:4      | Killed Eustachio
  3489 | D:4      | Reached XP level 6. HP: 30/57 MP: 5/5
  3645 | D:4      | Found a glowing drain.
  3654 | Sewer    | Entered a sewer
  3828 | Sewer    | Reached XP level 7. HP: 54/64 MP: 6/6
  4169 | Sewer    | Reached skill level 1 in Stealth
  4278 | Sewer    | Reached skill level 5 in Armour
  4568 | D:4      | Noticed Duvessa
  4568 | D:4      | Noticed Dowan
  4596 | D:4      | HP: 1/64 [Duvessa (10)]
  4597 | D:4      | Mangled by Duvessa

Illustrated notes

Levels and vault maps discovered:
D:1:      doesnt_arrival_eight_statues, layout_basic,
          shapermc_ecumenical_altar_mp_ritualfount
D:2:      layout_basic, serial_shops, nicolae_shop_crystal, serial_forest,
          infiniplex_forest_side_room, infiniplex_forest_clump_large,
          infiniplex_forest_lined_2, infiniplex_forest_end_1,
          infiniplex_forest_straight_2, infiniplex_forest_zigzag_1,
          infiniplex_forest_corner_1, grunt_ministairs_6
D:3:      layout_loops_cross, solitary_fountain, uniq_natasha
D:4:      layout_basic, portal_sewer_entry_d, uniq_duvessa, uniq_eustachio

Skill      XL: |  1  2  3  4  5  6  7 |
---------------+----------------------+-----
Fighting       | 4 5 6 |  6.9
Maces & Flails | 4 5 6 |  6.6
Dodging        | 3 |  3.8
Armour         | 3 4 5 |  5.3
Stealth        | 1 |  1.1

Action                   |  1- 3 |  4- 6 |  7- 9 || total
-------------------------+-------+-------+-------++-------
Melee: Mace              |    75 |   124 |   105 ||   304
       Headbutt          |     9 |    21 |    12 ||    42
       Unarmed           |       |       |    16 ||    16
Invok: Berserk           |       |     1 |       ||     1
  Use: Scroll            |     4 |       |     5 ||     9
       Potion            |       |       |     1 ||     1
 Stab: Sleeping          |     1 |     1 |       ||     2
Armor: Animal skin       |    13 |       |       ||    13
       Leather armour    |     2 |    11 |       ||    13
       Scale mail        |       |    56 |    38 ||    94
       Ring mail         |       |    10 |       ||    10
Dodge: Dodged            |    51 |    88 |    64 ||   203

Table legend: (Time is in decaauts)
 A = Elapsed time spent in this place.
 B = Non-inter-level travel time spent in this place.
 C = Inter-level travel time spent in this place.
 D = Time resting spent in this place.
 E = Time spent auto-exploring this place.
 F = Levels seen in this place.
 G = Mean time per level.
                   A        B        C        D        E       F      G
               +--------+--------+--------+--------+--------+-----+--------+
         Total |   4805 |   4723 |     82 |    259 |   3474 |   5 |  961.0 |
       Dungeon |   3752 |   3670 |     82 |    259 |   2704 |   4 |  938.0 |
         Sewer |   1053 |   1053 |      0 |      0 |    770 |   1 | 1053.0 |
               +--------+--------+--------+--------+--------+-----+--------+

Top non-repeatable levels by time:
     D:1: 1261 daAuts
   Sewer: 1053 daAuts
     D:2: 1033 daAuts
     D:3: 756 daAuts
     D:4: 701 daAuts
